 Dungeon Crawl Stone Soup version 0.26.1-11-gd32895ea62 (webtiles) character file.

Game seed: 16502124434503504955

2363 Zeld the Cruncher (level 9, -1/54 HPs)
             Began as an Octopode Gladiator on May 18, 2021.
             Was a Follower of Wu Jian.
             Slain by an adder skeleton (3 damage)
             ... on level 8 of the Dungeon.
             The game lasted 00:13:01 (11450 turns).

Zeld the Cruncher (Octopode Gladiator)             Turns: 11450, Time: 00:13:02

Health: -1/54      AC:  1    Str: 13    XL:     9   Next: 44%
Magic:  9/9        EV: 14    Int: 11    God:    Wu Jian [*.....]
Gold:   407        SH:  0    Dex: 16    Spells: 8/8 levels left

rFire    . . .     SeeInvis .   a - +1 quarterstaff
rCold    . . .     Faith    .   (shield currently unavailable)
rNeg     . . .     Spirit   .   b - +0 hat
rPois    .         Reflect  .   (no amulet)
rElec    .         Harm     .   (no ring)
rCorr    .         Rampage  .   (no ring)
Will     .....                  (no ring)
Stlth    ++........             (no ring)
HPRegen  0.18/turn              (no ring)
MPRegen  0.11/turn              (no ring)
                                (no ring)
                                (no ring)

@: mighty
A: almost no armour, stealthy swim, amphibious, 8 rings, constrict 8, camouflage
1, gelatinous body 1
a: Renounce Religion


You were on level 8 of the Dungeon.
You worshipped Wu Jian.
Wu Jian was aware of your devotion.
You visited 2 branches of the dungeon, and saw 9 of its levels.

You collected 407 gold pieces.

Inventory:

Hand Weapons
 a - a +1 quarterstaff (weapon)
 w - the +10 quarterstaff "Naevef" {drain, rF+ Dex+2, unknown}
   (You found it on level 6 of the Dungeon)

   A truly terrible weapon, it drains the life of those it strikes.
   It affects your dexterity (+2).
   It protects you from fire.
Missiles
 c - 3 throwing nets
 k - 52 poisoned darts (quivered)
Armour
 b - a +0 hat (worn)
Jewellery
 d - an uncursed ring of flight {unknown}
Wands
 v - a wand of acid (3)
Scrolls
 j - a scroll of fear
 l - 2 scrolls of amnesia
 n - a scroll of magic mapping {unknown}
 o - a scroll of immolation {unknown}
 p - 4 scrolls of remove curse {unknown}
 q - a scroll of teleportation {unknown}
 r - 3 scrolls of enchant armour {unknown}
 s - 3 scrolls of identify {unknown}
 t - 2 scrolls of fog {unknown}
Potions
 e - 2 potions of might
 g - a potion of mutation {unknown}
 i - a potion of heal wounds {unknown}
 m - a potion of invisibility {unknown}
 u - a potion of degeneration {unknown}


   Skills:
 - Level 2.0 Fighting
 * Level 11.2 Staves
 - Level 6.0 Throwing
 - Level 3.0 Dodging


You had 8 spell levels left.
You didn't know any spells.
Your spell library contained the following spells:

 Spells                   Type           Power        Failure   Level
 Corona                   Hex            0%           34%         1
 Slow                     Hex            0%           47%         2
 Confusing Touch          Hex            0%           71%         3
 Gell's Gravitas          Tloc           0%           71%         3
 Inner Flame              Hex/Fire       0%           71%         3
 Portal Projectile        Hex/Tloc       0%           71%         3
 Cause Fear               Hex            0%           98%         4
 Leda's Liquefaction      Hex/Erth       0%           98%         4
 Petrify                  Tmut/Erth      0%           98%         4
 Metabolic Englaciation   Hex/Ice        0%           100%        5
 Yara's Violent Unravell  Hex/Tmut       0%           100%        5


Dungeon Overview and Level Annotations

Branches:
Dungeon (8/15)             Temple (1/1) D:5
   Lair: D:8-11

Altars:
Ashenzari
Cheibriados
Dithmenos
Elyvilon
Fedhas
Gozag
Hepliaklqana
Kikubaaqudgha
Makhleb
Qazlal
Ru
Trog
Uskayaw
Vehumet
Wu Jian
Xom
Yredelemnul
Zin
The Shining One

Annotations:
D:1 Blink and Tele
D:5 3 runed translucent doors, Scarexists's ghost, weakling HuDe


Innate Abilities, Weirdness & Mutations

You cannot wear most types of armour.
You are very stealthy in the water. (Stealth+)
You are amphibious.
You can wear up to eight rings at the same time.
You can use your tentacles to constrict eight enemies at once.
Your skin changes colour to match your surroundings (Stealth+).
Your rubbery body absorbs attacks. (AC +1, EV +1)


Message History

The Council accepts your kill.
As you read the scroll labelled ICE DIELOTA, it crumbles to dust.
Your body is wracked with pain!
* * * LOW HITPOINT WARNING * * *
The ogre convulses!
The komodo dragon convulses!
It was a scroll of torment.
As you read the scroll labelled KOKHLA PYMUM, it crumbles to dust.
It is a scroll of enchant weapon.
Your +0 quarterstaff glows red for a moment.
The adder skeleton bites you.
* * * LOW HITPOINT WARNING * * *
As you read the scroll labelled VAMO KESABB, it crumbles to dust.
You assume a fearsome visage.
The komodo dragon looks frightened!
The adder skeleton is unaffected.
The ogre looks frightened!
It was a scroll of fear.
The adder skeleton misses you.
As you read the scroll labelled GAED ZUPPOQAPLENN, it crumbles to dust.
It is a scroll of amnesia.
You feel forgetful for a moment. The adder skeleton bites you.
* * * LOW HITPOINT WARNING * * *
The adder skeleton bites you.
You die...

.PP.### #.#####
.P...#..
...l(..#
#......#
#...P..# ..
#....P.#
....####...P..#
P.......†.....#
.......Z@P....#
......P..[...##
#............#
###..O.P....##
####....###
######


You could see a komodo dragon (fleeing), an ogre (fleeing) and an adder
skeleton.

Vanquished Creatures
  Sigmund (D:2)
  4 yaks
  A water moccasin (D:8)
  An eye of draining (D:8)
  An ice beast (D:6)
  2 centaurs
  8 bullfrogs
  A water moccasin skeleton (D:8)
  2 scorpions
  A hound (D:5)
  2 orc priests (D:5)
  3 orc wizards
  A bullfrog skeleton (D:6)
  4 worker ants
  A hound skeleton (D:5)
  A howler monkey zombie (D:5)
  A howler monkey skeleton (D:4)
  7 adders
  3 white imps
  An ooze (D:1)
  An adder skeleton (D:4)
  2 worms (D:3)
  5 dart slugs
  4 leopard geckos
  14 orcs
  3 giant cockroaches
  5 goblins
  7 hobgoblins
  6 jackals (D:2)
  3 quokkas
  4 bats
  4 frilled lizards
  5 kobolds
  A quokka zombie (D:6)
  7 rats
117 creatures vanquished.

Vanquished Creatures (others)
  A hobgoblin (D:1)
  A frilled lizard (D:1)
  19 fungi (D:8)
  19 plants (D:8)
40 creatures vanquished.

Grand Total: 157 creatures vanquished

Notes
Turn   | Place    | Note
-------+----------+-------------------------------------------
     0 | D:1      | Zeld the Octopode Gladiator began the quest for the Orb.
     0 | D:1      | Reached XP level 1. HP: 14/14 MP: 1/1
   104 | D:1      | Reached XP level 2. HP: 13/19 MP: 2/2
   766 | D:1      | Reached XP level 3. HP: 24/24 MP: 3/3
  1413 | D:2      | Reached skill level 4 in Staves
  1413 | D:2      | Reached XP level 4. HP: 24/29 MP: 4/4
  1505 | D:2      | Found a snail-covered altar of Cheibriados.
  1514 | D:2      | Noticed Sigmund
  1952 | D:2      | Killed Sigmund
  1953 | D:2      | Reached skill level 5 in Staves
  1953 | D:2      | Reached XP level 5. HP: 24/34 MP: 5/5
  2086 | D:2      | Reached XP level 6. HP: 39/39 MP: 6/6
  3397 | D:4      | Found a stormy altar of Qazlal.
  3400 | D:4      | Noticed a water elemental
  3400 | D:4      | Noticed an air elemental
  3400 | D:4      | Noticed a fire elemental
  3735 | D:4      | Reached skill level 5 in Throwing
  4056 | D:5      | Entered Level 5 of the Dungeon
  4249 | D:5      | Reached XP level 7. HP: 45/45 MP: 7/7
  4495 | D:5      | Found a staircase to the Ecumenical Temple.
  4518 | Temple   | Entered the Ecumenical Temple
  4539 | Temple   | Became a worshipper of the Wu Jian Council
  4908 | D:4      | Reached skill level 6 in Staves
  5283 | D:5      | Found a hazy altar of Hepliaklqana.
  6070 | D:5      | Found a runed translucent gate.
  6070 | D:5      | Found a runed translucent gate.
  6070 | D:5      | Found a runed translucent gate.
  6071 | D:5      | Noticed Scarexists's ghost (weakling HuDe)
  6826 | D:6      | Reached skill level 7 in Staves
  6826 | D:6      | Reached XP level 8. HP: 22/50 MP: 8/8
  7117 | D:6      | Found a white marble altar of Elyvilon.
  7137 | D:6      | Reached skill level 8 in Staves
  8078 | D:7      | Noticed a yak
  8078 | D:7      | Noticed a yak
  8079 | D:7      | Noticed a yak
  8080 | D:7      | Noticed a yak
  8104 | D:7      | Reached skill level 9 in Staves
  8124 | D:6      | Killed a yak
  8124 | D:6      | Reached * piety under Wu Jian
  8311 | D:7      | Killed a yak
  8584 | D:6      | Killed a yak
  8585 | D:6      | Reached skill level 10 in Staves
  8585 | D:6      | Reached XP level 9. HP: 26/54 MP: 9/9
  9167 | D:6      | Found a white marble altar of Elyvilon.
 10335 | D:7      | Reached skill level 11 in Staves
 10726 | D:6      | Got a warped quarterstaff
 11442 | D:8      | Noticed a komodo dragon
 11450 | D:8      | HP: 2/54 [adder skeleton (1)]
 11450 | D:8      | Slain by an adder skeleton

Illustrated notes

Levels and vault maps discovered:
D:1:      amcnicky_arrival_abandoned_market, layout_basic, lemuel_flame_loot_1
D:2:      layout_loops_ring, serial_glass, glass_columns_a, glass_columns_c,
          glass_columns_b, glass_columns_c, glass_columns_a, glass_columns_a,
          glass_columns_c, glass_columns_a, hangedman_decor_push,
          minmay_hexomino_r4, uniq_sigmund
D:3:      layout_rooms, serial_rivers, chequers_serial_rivers_small_b,
          chequers_serial_rivers_large_a, chequers_serial_rivers_micro_e,
          chequers_serial_rivers_small_3
D:4:      layout_gridville, nicolae_qazlal_style_of_elements
D:5:      layout_cave_pods, nzn_hepliaklqana_mist_gate,
          minmay_temple_entry_offerings, gammafunk_ghost_nasty_kobolds, hex_tiny
D:6:      layout_loops_ring, grunt_ministairs_13, lemuel_statue_altar
D:7:      layout_rooms
D:8:      layout_basic, grunt_lair_entry_orc_guard_hut,
          gammafunk_ghost_spectres, uniq_erica
Temple:   eino_temple_rhombus

Skill      XL: |  1  2  3  4  5  6  7  8  9 |
---------------+----------------------------+-----
Throwing       | 3 4 5 6 |  6.0
Staves         | 4 5 7 10 11 | 11.2
Fighting       | |  2.0
Dodging        | |  3.0

Action                   |  1- 3 |  4- 6 |  7- 9 || total
-------------------------+-------+-------+-------++-------
Melee: Quarterstaff      |    61 |    77 |   221 ||   359
       Constrict         |    13 |    22 |    36 ||    71
       Tentacles         |     7 |    18 |    54 ||    79
Invok: Lunge             |       |       |    10 ||    10
       Whirlwind         |       |       |     6 ||     6
Evoke: Wand              |       |       |     3 ||     3
  Use: Potion            |       |       |     2 ||     2
       Scroll            |       |       |     4 ||     4
 Stab: Sleeping          |     4 |     4 |     5 ||    13
       Distracted        |       |       |     2 ||     2
Armor: Skin              |     4 |     5 |    19 ||    28
Dodge: Dodged            |    39 |    49 |   118 ||   206
